Map: Dusk Towers

Players

IIIIIIIIIIII - Winner!

  • Race: Terran Terran
  • League: Diamond

hirekui

  • Race: Terran Terran
  • League: Master

VOD

Have the link to the VOD?

Description

Time

  • Played on: June 29, 2016, 11:07 p.m.
  • Length: 14:29
Show
View Real Time Build Order
Export as new Build Order

IIIIIIIIIIII Terran - Winner!

Build Orders: Bio Tank 

Get SALT Encoding   

  12  0:01  SCV  
  13  0:13  SCV  
  14  0:17  Supply Depot  
  14  0:27  SCV  
  15  0:39  SCV  
  15  0:40  Barracks  
  16  0:45  Refinery  
  16  0:51  SCV  
  17  1:03  SCV  
  18  1:15  SCV  
  19  1:28  Barracks Reactor  
  19  1:29  Orbital Command  
  19  1:42  Command Center  
  19  1:56  SCV  
  19  1:57  Supply Depot  
  20  2:05  Marine x2  
  20  2:08  SCV  
  23  2:14  Factory  
  23  2:20  Bunker  
  23  2:24  SCV  
  24  2:33  Marine x2  
  26  2:39  SCV  
  27  2:51  SCV  
  27  2:52  Marine  
  27  2:53  Marine  
  30  2:59  Factory Tech Lab  
  30  3:00  SCV  
  30  3:03  Refinery  
  31  3:08  Starport  
  31  3:11  Marine x2, Refinery  
  33  3:13  SCV  
  33  3:18  Orbital Command  
  34  3:28  SCV  
  34  3:30  Marine x2  
  34  3:33  Siege Tank  
  40  3:37  Engineering Bay  
  40  3:47  SCV  
  40  3:48  SCV  
  42  3:50  Marine  
  42  3:51  Marine  
  42  3:52  Medivac  
  46  3:59  Supply Depot  
  46  4:05  Supply Depot  
  46  4:20  Missile Turret  
  46  4:21  Marine x2, Siege Tank  
  46  4:22  SCV x2  
  53  4:29  Missile Turret  
  53  4:31  Medivac  
  53  4:35  SCV  
  53  4:36  SCV  
  57  4:42  Supply Depot  
  57  4:49  SCV  
  57  4:50  SCV  
  59  4:53  Terran Infantry Weapons Level 1  
  59  5:01  Stimpack  
  59  5:02  Marine  
  59  5:05  Barracks, Starport Reactor  
  59  5:06  SCV x2  
  62  5:08  Factory Tech Lab  
  61  5:23  Marine  
  60  5:36  SCV x2  
  57  5:53  Marine  
  57  5:55  Siege Tank  
  56  6:11  Marine  
  54  6:21  Marine x2  
  54  6:23  SCV x2  
  54  6:25  Missile Turret  
  58  6:29  Marine  
  59  6:34  Siege Tank, Command Center  
  59  6:35  Medivac x2  
  59  6:36  SCV x2  
  59  6:39  Marine  
  69  6:46  Refinery  
  69  6:48  Terran Infantry Armor Level 1  
  69  6:51  SCV, Barracks  
  69  6:53  Barracks  
  70  6:59  Supply Depot  
  70  7:09  Combat Shields  
  70  7:13  Supply Depot  
  70  7:15  Supply Depot  
  70  7:17  SCV x2  
  70  7:18  Supply Depot  
  72  7:29  SCV x2, Barracks  
  74  7:41  SCV x2  
  75  7:44  Armory  
  74  7:54  Marine, Barracks Reactor  
  74  7:55  Barracks Reactor, Orbital Command  
  74  7:58  SCV x2  
  77  8:04  Engineering Bay  
  77  8:13  SCV x2  
  77  8:19  Missile Turret  
  79  8:22  Missile Turret  
  79  8:23  Barracks Reactor  
  79  8:24  Orbital Command  
  79  8:27  Missile Turret  
  79  8:28  Siege Tank  
  82  8:52  Marine x2  
  82  8:53  Marine x3  
  85  8:59  SCV x3  
  85  9:11  SCV x2  
  81  9:25  Marine x3  
  81  9:26  Marine x6, Missile Turret  
  81  9:27  SCV x3  
  81  9:29  Missile Turret  
  81  9:30  Medivac x2  
  100  9:31  Siege Tank  
  100  9:39  SCV  
  100  9:43  Marine  
  102  9:48  Terran Infantry Weapons Level 2  
  102  9:50  SCV x2, Factory  
  102  9:51  Factory  
  104  10:05  Terran Infantry Armor Level 2  
  104  10:06  SCV x2  
  104  10:07  SCV  
  107  10:09  Refinery  
  107  10:10  Marine, Siege Tank, Refinery  
  107  10:11  Marine x7  
  107  10:12  Marine  
  107  10:13  Medivac  
  121  10:14  Medivac  
  121  10:20  Supply Depot  
  123  10:23  Missile Turret  
  123  10:25  Supply Depot  
  123  10:27  Supply Depot  
  123  10:29  Supply Depot  
  123  10:30  Supply Depot  
  123  10:38  SCV x2  
  123  10:41  SCV  
  123  10:42  Factory Tech Lab x2  
  126  10:43  Marine x3  
  126  10:44  Marine x4  
  126  10:47  Marine x2, Siege Tank  
  138  11:00  Medivac x2  
  138  11:02  Siege Tank x2  
  149  11:04  SCV x2  
  149  11:06  SCV  
  149  11:10  Terran Vehicle Weapons Level 1  
  151  11:29  Marine  
  151  11:30  Marine x7  
  151  11:31  Marine  
  160  11:36  Command Center  
  160  11:58  Marine x2  
  160  11:59  Marine x3  
  120  12:28  Marine x4  
  120  12:29  Marine x5  
  122  12:30  Siege Tank x3, Medivac x2  
  122  12:33  SCV x3  
  138  12:48  Marine x5  
  143  12:57  Sensor Tower  
  143  13:00  Medivac  
  145  13:09  Marine x6  
  145  13:10  Marine x3  
  154  13:27  Marine x5, Barracks  
  154  13:28  Barracks  
  154  13:31  Barracks  
  159  13:34  Barracks  
  159  13:35  Planetary Fortress  
  143  14:08  Marine x6  
  143  14:09  Marine x3  
Show
View Real Time Build Order
Export as new Build Order

hirekui Terran 

Build Orders: Reaper Expand, Bio Tank, Banshee Rush 

Get SALT Encoding   

  12  0:01  SCV  
  13  0:13  SCV  
  14  0:17  Supply Depot  
  14  0:25  SCV  
  15  0:39  SCV  
  15  0:40  Barracks  
  16  0:44  Refinery  
  16  0:51  SCV  
  17  1:03  SCV  
  18  1:15  SCV  
  19  1:28  Reaper  
  19  1:29  Orbital Command  
  20  1:42  Command Center  
  20  1:55  SCV  
  21  2:01  Marine  
  21  2:03  Supply Depot  
  21  2:07  SCV  
  23  2:16  Factory  
  23  2:21  Refinery  
  23  2:25  SCV, Barracks Reactor  
  24  2:37  SCV  
  25  2:49  SCV  
  26  2:57  Orbital Command  
  26  3:01  SCV  
  27  3:07  Factory Tech Lab, Starport, Marine x2  
  29  3:13  SCV  
  30  3:24  SCV  
  30  3:25  Marine x2, SCV  
  37  3:36  SCV  
  37  3:38  SCV  
  39  3:43  Marine x2, Supply Depot  
  38  3:48  SCV  
  38  3:50  SCV  
  38  3:52  Banshee  
  38  3:53  Factory Tech Lab, Cloaking Field  
  43  4:00  Marine x2, SCV  
  46  4:05  SCV  
  46  4:08  Supply Depot  
  46  4:10  Supply Depot  
  46  4:13  SCV  
  46  4:14  Cyclone  
  51  4:17  SCV  
  51  4:18  Marine x2  
  54  4:30  SCV x2  
  56  4:32  Refinery  
  56  4:35  Banshee, Supply Depot  
  56  4:36  Marine x2  
  61  4:42  SCV x2  
  63  4:48  Siege Tank  
  66  4:54  Marine x2, SCV  
  66  4:57  SCV  
  70  5:02  Engineering Bay  
  70  5:03  Supply Depot  
  70  5:07  SCV, Refinery  
  71  5:09  SCV  
  71  5:12  Marine x2  
  74  5:29  Marine  
  74  5:30  Marine  
  78  5:54  Siege Tank  
  79  6:00  Starport Reactor, Barracks  
  79  6:01  Barracks  
  79  6:02  Barracks x2  
  65  6:18  SCV x2  
  65  6:21  Marine  
  65  6:22  Stimpack  
  65  6:23  Command Center  
  65  6:24  Engineering Bay  
  66  6:32  SCV x2  
  68  6:44  SCV x2  
  68  6:45  Marine  
  71  6:47  Medivac x2, Siege Tank  
  71  6:49  Barracks Reactor x3  
  71  6:54  Terran Infantry Weapons Level 1  
  78  7:11  Terran Infantry Armor Level 1  
  78  7:12  Marine x3, SCV x2  
  83  7:16  Supply Depot  
  83  7:17  Supply Depot  
  83  7:18  Medivac  
  85  7:24  SCV, Supply Depot  
  86  7:30  Factory  
  86  7:34  Marine x9, Medivac, Supply Depot  
  86  7:35  SCV, Supply Depot x2  
  98  7:38  Orbital Command  
  98  7:40  Siege Tank  
  98  8:02  SCV x2  
  98  8:03  Marine  
  98  8:04  Marine x2  
  103  8:06  Marine x6  
  103  8:07  Medivac x2  
  113  8:19  Orbital Command  
  113  8:21  Marine x3  
  113  8:23  Marine, Siege Tank  
  113  8:24  Factory Tech Lab  
  120  8:28  SCV  
  120  8:29  SCV  
  120  8:31  Supply Depot  
  120  8:32  Supply Depot  
  122  8:45  Marine x4  
  122  8:46  Marine x4  
  126  8:53  Marine  
  126  8:54  Siege Tank  
  126  8:55  Medivac x2  
  134  8:56  Siege Tank  
  134  8:57  SCV  
  134  8:59  Refinery  
  134  9:01  Refinery  
  138  9:03  Marine  
  109  9:18  Marine x6  
  109  9:19  Marine x2  
  109  9:21  Marine  
  108  9:25  SCV x3, Medivac  
  108  9:27  Siege Tank  
  116  9:36  Marine x7, Siege Tank  
  116  9:37  SCV x3  
  129  9:39  Medivac  
  131  9:49  SCV x3  
  134  9:53  Barracks  
  134  9:55  Barracks  
  134  9:56  Barracks  
  134  9:58  Marine x3, Armory  
  137  10:01  SCV x3, Marine x2  
  137  10:02  Marine  
  137  10:04  Marine x3  
  146  10:10  Siege Tank x2  
  152  10:15  Combat Shields  
  152  10:16  Marine x3  
  155  10:41  Marine x9  
  164  10:55  Medivac x2  
  164  10:56  Siege Tank x2  
  174  10:58  Marine x2  
  174  10:59  Marine x4  
  180  11:05  Command Center  
  180  11:06  Sensor Tower, Terran Infantry Weapons Level 2  
  180  11:07  Marine  
  180  11:09  Terran Infantry Armor Level 2  
  181  11:11  Terran Vehicle Weapons Level 1  
  181  11:15  Missile Turret  
  181  11:17  Missile Turret  
  181  11:18  Missile Turret  
  181  11:20  Missile Turret  
  181  11:22  Missile Turret  
  181  11:24  Missile Turret  
  181  11:25  Missile Turret  
  181  11:44  Barracks Reactor x3  
  181  11:51  Marine  
  181  11:57  Supply Depot x2  
  181  11:58  Supply Depot  
  181  12:17  Marine x9, Medivac x2, Siege Tank  
  181  12:18  Siege Tank  
  127  12:30  Marine x6  
  127  12:34  Marine x4  
  127  12:36  Planetary Fortress  
  137  12:38  Marine x5  
  142  12:48  Marine x5  
  142  12:49  Siege Tank  
  142  12:50  Siege Tank  
  153  13:01  Marine x8  
  153  13:02  Marine x2  
  163  13:08  Marine x3  
  166  13:14  Marine x2  
  166  13:19  Marine x4  
  172  13:25  Marine x3  
  175  13:28  Marine x4  
  179  13:47  Command Center  
  164  13:50  Marine x6  
  123  13:58  Marine x9  
  138  14:10  Marine x2  
  138  14:11  Marine x2  
Tags
 
Add a new tag
Caveats
  • Supply blocks, unpowered buildings, or Contaminate may cause inaccurate times.
  • Supply counts are checked every 10 seconds.